 Dungeon Crawl Stone Soup version 0.21-a0-225-g207ae17 (webtiles) character file.

166 tidbits the Insei (level 5, -1/39 HPs)
             Began as a Demigod Transmuter on Aug 28, 2017.
             Succumbed to a worker ant's poison
             ... on level 4 of the Dungeon.
             The game lasted 00:09:08 (777 turns).

tidbits the Insei (Demigod Transmuter)               Turns: 777, Time: 00:09:09

Health: -1/39      AC:  2    Str: 18    XL:     5   Next: 2%
Magic:  5/10       EV: 19    Int: 19    God:
Gold:   63         SH:  0    Dex: 21    Spells: 2/8 levels left

rFire    . . .     SeeInvis .     - Unarmed
rCold    . . .     Gourm    .   (shield currently unavailable)
rNeg     . . .     Faith    .   (armour currently unavailable)
rPois    x         Spirit   .   (helmet currently unavailable)
rElec    .         Reflect  .   (cloak currently unavailable)
rCorr    .         Harm     .   (gloves currently unavailable)
MR       .....                  (boots currently unavailable)
Stlth    ++........             (no amulet)
HPRegen  0.13/turn              (no ring)
MPRegen  0.12/turn              (no ring)

@: mighty, lethally poisoned (-1 -> -30), spider-form (expiring)
A: high mp 1
a: End Transformation


You were on level 4 of the Dungeon.
You were not hungry.
You were a venomous arachnid creature.
You visited 1 branch of the dungeon, and saw 4 of its levels.

You collected 63 gold pieces.

Inventory:

Hand Weapons
 j - a +0 hunting sling
 k - a +0 rapier
Missiles
 a - 29 arrows
 g - 11 stones (quivered)
Armour
 b - a +0 robe (melded)
Jewellery
 h - an uncursed ring of ice
   (You found it on level 2 of the Dungeon)
Wands
 o - a wand of polymorph (3/24)
Scrolls
 i - 2 scrolls of identify
Books
 c - a book of Changes

   Spells                             Type                      Level
   a - Beastly Appendage              Transmutation                1
   b - Sticks to Snakes               Transmutation                2
   c - Spider Form                    Transmutation/Poison         3
   d - Ice Form                       Ice/Transmutation            4
   e - Blade Hands                    Transmutation                5
Comestibles
 d - 2 bread rations
 f - a meat ration
 l - 3 chunks of flesh


   Skills:
 - Level 0.8 Fighting
 - Level 1.7 Dodging
 + Level 4.1 Unarmed Combat
 - Level 2.0 Spellcasting
 + Level 3.7 Transmutations


You had 2 spell levels left.
You knew the following spells:

 Your Spells              Type           Power        Failure   Level  Hunger
e - Beastly Appendage     Tmut           ###...       12%         1    #......
k - Sticks to Snakes      Tmut           ###.....     16%         2    ###....
p - Spider Form           Tmut/Pois      #.........   45%         3    ###....


Dungeon Overview and Level Annotations

Branches:
Dungeon (4/15)
 Temple: D:4-7

Annotations:
D:4 Grinder


Innate Abilities, Weirdness & Mutations

You have an increased reservoir of magic. (+10% MP)
((You have a pair of small horns on your head.))


Message History

Your +0 robe unmelds from your body.
Found a runed mace.
Grinder comes into view.
Grinder shouts!
Found 2 fruits.
Grinder says, "Wait up."
You see here a wand of polymorph (?/24).
o - a wand of polymorph (?/24) Evoke which item? (* to show all) (? for menu, Esc to quit)
Aiming: Polymorph (will waste charges)
Press: ? - help, Shift-Dir - straight line, f - Grinder
Aim: Grinder (chance to defeat MR: 46%) Grinder resists with some effort.
Evoking this partially-identified wand wasted a few charges.
Evoke which item? (* to show all) (? for menu, Esc to quit)
Aiming: Polymorph (will waste charges)
Press: ? - help, Shift-Dir - straight line, f/p - Grinder
Aim: Grinder (chance to defeat MR: 46%) Grinder resists with some effort.
Evoking this partially-identified wand wasted a few charges.
Evoke which item? (* to show all) (? for menu, Esc to quit)
Aiming: Polymorph (will waste charges)
Press: ? - help, Shift-Dir - straight line, f/p - Grinder
Aim: Grinder (chance to defeat MR: 46%) Grinder looks momentarily different.
Evoking this partially-identified wand wasted a few charges.
Grinder blinks!
Evoke which item? (* to show all) (? for menu, Esc to quit)
Aiming: Polymorph (will waste charges)
Press: ? - help, Shift-Dir - straight line, f/p - Grinder
Aim: Grinder (chance to defeat MR: 46%) Grinder evaporates and reforms as a smoke demon!
Evoking this partially-identified wand wasted a few charges.
Okay, then.
Okay, then.
Blink to where?
Press: ? - help, Dir - move target cursor, p - Grinder You are very lightly contaminated with residual magic.
As you read the scroll of blinking, it crumbles to dust.
An adder comes into view.
You now have 63 gold pieces (gained 7).
Found a bread ration.
Found 27 arrows.
A worker ant comes into view.
An orc comes into view.
The worker ant twitches its antennae in your direction.
The worker ant waves its antennae.
Found a glowing pink potion.
An orc comes into view.
Found a viscous emerald potion.
The orc shouts!
The worker ant waves its antennae.
Your magical contamination has completely faded away.
Okay, then.
It was a potion of curing.
You feel better.
The orc shouts!
An orc comes into view. It is wielding a flail.
Casting: Spider Form
Confirm with . or Enter, or press ? or * to list all spells.
You turn into a venomous arachnid creature.
Your +0 robe melds into your body.
The orc shouts!
You hit the worker ant.
The worker ant is moderately wounded.
The worker ant barely misses you.
Casting: Spider Form
Confirm with . or Enter, or press ? or * to list all spells.
You create a snake!
You now have 29 arrows.
The worker ant misses you. The orc closely misses you.
You hit the worker ant.
The worker ant is heavily wounded.
The worker ant barely misses you. The orc barely misses you.
Your ball python bites the worker ant but does no damage.
Your ball python grabs the worker ant.
Your ball python constricts the worker ant.
The worker ant bites your ball python!
Your ball python dies!
The worker ant twitches its antennae in your direction.
You barely miss the worker ant.
The worker ant is heavily wounded.
The orc closely misses you. The worker ant bites you.
You are poisoned.
The worker ant poisons you!
You feel very mighty all of a sudden.
You feel sick. The orc misses you. The worker ant bites you.
* * * LOW HITPOINT WARNING * * *
You are lethally poisoned!
The worker ant poisons you!
You hit the worker ant.
The worker ant is almost dead.
* * * LOW HITPOINT WARNING * * *
You feel sick. The worker ant misses you. The orc hits you.
* * * LOW HITPOINT WARNING * * *
The orc hits you.
* * * LOW HITPOINT WARNING * * *
The orc hits you with a flail!
* * * LOW HITPOINT WARNING * * *
You barely miss the worker ant.
The worker ant is almost dead.
You die...

#............##.
..................
..................
..................
...............(..
..!.....%........
........3.....#
.......oa....#
......os##...#
.!....o####..#
......# #..#
.....# #..# ...##
##..# .# #..##
##..# . .## ##.###
.. ... ###.##


You could see Grinder the smoke demon, a worker ant and 3 orcs.

Vanquished Creatures
  A worker ant (D:3)
  4 adders
  An ooze (D:2)
  2 ball pythons (D:2)
  2 goblins (D:3)
  A hobgoblin (D:2)
  4 jackals (D:3)
  3 kobolds (D:2)
  4 bats
  2 frilled lizards
  4 rats
28 creatures vanquished.

Vanquished Creatures (collateral kills)
  An ogre (D:4)
  A bat (D:2)
2 creatures vanquished.

Grand Total: 30 creatures vanquished

Notes
Turn   | Place    | Note
-------+----------+-------------------------------------------
     0 | D:1      | tidbits the Demigod Transmuter began the quest for the Orb.
     0 | D:1      | Reached XP level 1. HP: 15/15 MP: 5/5
   148 | D:2      | Reached skill level 2 in Spellcasting
   158 | D:2      | Gained mutation: You have a pair of small horns on your head. [potion of mutation]
   167 | D:2      | Reached skill level 3 in Unarmed Combat
   167 | D:2      | Reached skill level 2 in Transmutations
   167 | D:2      | Reached XP level 2. HP: 16/22 MP: 5/7
   171 | D:2      | Learned a level 2 spell: Sticks to Snakes
   462 | D:1      | Reached XP level 3. HP: 20/27 MP: 8/8
   486 | D:1      | Learned a level 3 spell: Spider Form
   577 | D:3      | Reached skill level 3 in Transmutations
   577 | D:3      | Reached XP level 4. HP: 31/34 MP: 1/9
   678 | D:4      | Noticed an ogre
   695 | D:4      | Killed an ogre
   695 | D:4      | Reached skill level 4 in Unarmed Combat
   695 | D:4      | Reached XP level 5. HP: 13/39 MP: 5/10
   708 | D:4      | Found a blossoming altar of Fedhas.
   721 | D:4      | Noticed Grinder
   727 | D:4      | Noticed Grinder
   727 | D:4      | Grinder changed into Grinder the smoke demon
   776 | D:4      | HP: 1/39 [orc/flail (9)]
   777 | D:4      | Succumbed to a worker ant's poison

Vault maps used:
D:1:      dpeg_arrival_castle, interstate_on_off
D:2:      serial_bayou, serial_bayou_crossing, serial_bayou_lagoon_a,
          serial_bayou_ford_a, serial_bayou_pond_a, guppyfry_early_orc_mine
D:3:      minmay_gold_behind_fungi, kennysheep_generic_room_13
D:4:      lemuel_crystal_altar, overflow_temple_1_default,
          grunt_temple_overflow_bloody_war, serial_shops, shop_statue,
          first_bread, hangedman_decor_riveting, uniq_blork_the_orc,
          uniq_edmund, uniq_grinder

Skill      XL: |  1  2  3  4 |
---------------+-------------+-----
Spellcasting   | 2 |  2.0
Unarmed Combat | 3 4 |  4.1
Transmutations | 2 3 |  3.7
Fighting       | |  0.8
Dodging        | |  1.7

Action                   |  1- 3 |  4- 6 || total
-------------------------+-------+-------++-------
Melee: Unarmed           |    56 |    25 ||    81
       Kick              |    10 |       ||    10
       Headbutt          |     6 |       ||     6
       Punch             |     1 |       ||     1
 Cast: Beastly Appendage |    10 |     1 ||    11
       Sticks to Snakes  |     4 |     2 ||     6
       Spider Form       |     3 |     4 ||     7
Evoke: Wand              |       |     4 ||     4
  Use: Potion            |     4 |     2 ||     6
       Scroll            |       |     3 ||     3
 Stab: Sleeping          |     1 |       ||     1
  Eat: Chunk             |       |     1 ||     1
Armor: Robe              |    12 |       ||    12
       Skin              |     1 |       ||     1
Dodge: Dodged            |    48 |    26 ||    74

Table legend:
 A = Spawn XP
 B = Non-spawn XP
 C = Spawn XP percentage of total XP
 D = Spawn monster count
 E = Non-spawn monster count
 F = Spawn count percentage of total count
 G = Total turns spent on level
                    A         B        C        D         E        F      G
               +---------+---------+-------+---------+---------+-------+---------
         Total |      36 |     202 |  15.1 |       1 |      29 |   3.3 |   777
               +---------+---------+-------+---------+---------+-------+---------
           D:1 |       0 |       1 |   0.0 |       0 |       1 |   0.0 |   107
           D:2 |       0 |      64 |   0.0 |       0 |      15 |   0.0 |   333
           D:3 |      36 |      28 |  56.2 |       1 |      11 |   8.3 |   238
           D:4 |       0 |     109 |   0.0 |       0 |       2 |   0.0 |    99
               +---------+---------+-------+---------+---------+-------+---------

Table legend:
 A = Turns spent in this place as a percentage of turns spent in the entire game.
 B = Non-inter-level travel turns spent in this place as a percentage of non-inter-level travel turns spent in the entire game.
 C = Inter-level travel turns spent in this place as a percentage of turns spent in this place.
 D = Turns resting spent in this place as a percentage of non-inter-level travel turns spent in this place.
 E = Turns spent auto-exploring this place as a percentage of non-inter-level travel turns spent in this place.
 F = Non-inter-level travel turns spent in this place divided by the number of levels of this place that you've seen.
                   A       B       C       D       E      F
               +-------+-------+-------+-------+-------+----------------------
         Total | 100.0 | 100.0 |   0.0 |   0.0 |   0.0 | 194.2
       Dungeon | 100.0 | 100.0 |   0.0 |   0.0 |   0.0 | 194.2
               +-------+-------+-------+-------+-------+----------------------

Table legend:
 A = Kills in this place as a percentage of kills in entire the game.
 B = Kills by you in this place as a percentage of kills by you in the entire game.
 C = Kills by friends in this place as a percentage of kills by friends in the entire game.
 D = Other kills in this place as a percentage of other kills in the entire game.
 E = Experience gained in this place as a percentage of experience gained in the entire game.
 F = Experience gained in this place divided by the number of levels of this place that you have seen.
                   A       B       C       D       E      F
               +-------+-------+-------+-------+-------+----------------------
         Total | 100.0 | 100.0 | 100.0 |   N/A | 100.0 |  59.5
       Dungeon | 100.0 | 100.0 | 100.0 |   N/A | 100.0 |  59.5
               +-------+-------+-------+-------+-------+----------------------

Vault maps used:
D:1:      dpeg_arrival_castle, interstate_on_off
D:2:      serial_bayou, serial_bayou_crossing, serial_bayou_lagoon_a,
          serial_bayou_ford_a, serial_bayou_pond_a, guppyfry_early_orc_mine
D:3:      minmay_gold_behind_fungi, kennysheep_generic_room_13
D:4:      lemuel_crystal_altar, overflow_temple_1_default,
          grunt_temple_overflow_bloody_war, serial_shops, shop_statue,
          first_bread, hangedman_decor_riveting, uniq_blork_the_orc,
          uniq_edmund, uniq_grinder
